 Dungeon Crawl Stone Soup version 0.27.0-1-g7a089689b8 (webtiles) character file.

Game seed: 2305076391758014523

32 freelancePsychic the Charlatan (level 3, 0/28 HPs)
             Began as a Djinni Artificer on Aug 13, 2021.
             Was a Follower of the Shining One.
             Slain by an adder (1 damage)
             ... on level 2 of the Dungeon.
             The game lasted 00:02:14 (1662 turns).

freelancePsychic the Charlatan (Djinni Artificer)   Turns: 1662, Time: 00:02:15

Health: 0/28       AC:  3    Str: 11    XL:     3   Next: 42%
Gold:   71         EV: 11    Int: 13    God:    the Shining One [*.....] SH:  0 Dex: 13

rFire    + + .     SeeInvis .   g - +0 dagger
rCold    x . .     Faith    .   (no shield)
rNeg     . . .     Spirit   .   b - +0 leather armour
rPois    ∞         Reflect  .   (helmet currently unavailable)
rElec    .         Harm     .   (no cloak)
rCorr    .         Rampage  .   (no gloves)
Will     .....                  (boots unavailable)
Stlth    +.........             (no amulet)
HPRegen  0.09/turn              (no ring)
MPRegen  0.00/turn              (no ring)

@: appendages (expiring), flying, glowing
A: horns 2, flying, sickness immunity, fire resistance 2, cold vulnerability 1,
float, innate caster, hp casting, extra vitality 1
a: End Transformation, Renounce Religion


You were on level 2 of the Dungeon.
You worshipped the Shining One.
The Shining One was aware of your devotion.
You had temporarily grown beastly horns.
You visited 1 branch of the dungeon, and saw 2 of its levels.

You collected 71 gold pieces.

Inventory:

Hand Weapons
 a - a +0 club
 g - a +0 dagger (weapon)
Armour
 b - a +0 leather armour (worn)
Jewellery
 i - a ring of fire
 k - a ring of see invisible
Wands
 c - a wand of flame (7)
 d - a wand of charming (15)
Scrolls
 f - a scroll of enchant weapon {unknown}
 h - a scroll of fog {unknown}
 l - a scroll of teleportation {unknown}
Potions
 j - a potion of resistance {unknown}
Miscellaneous
 e - a piece from Xom's chessboard (15/15)


   Skills:
 + Level 1.8 Fighting
 - Level 1.0 Armour
 - Level 2.1 Dodging
 - Level 0.7 Stealth
 * Level 1.6 Spellcasting
 - Level 3.0 Evocations


You had 4 spell levels left.
You knew the following spells:

 Your Spells              Type           Power      Damage    Failure   Level
a - Beastly Appendage     Tmut           10%        N/A       19%         1
Your spell library was empty.

Dungeon Overview and Level Annotations

Branches:
Dungeon (2/15)

Altars:
The Shining One


Innate Abilities, Weirdness & Mutations

You have temporarily grown beastly horns.
You are flying.
You are immune to sickness and miasma.
You are immune to poison.
Your flesh is very heat resistant. (rF++)
You are vulnerable to cold. (rC-)
You float through the air rather than walking.
You learn spells naturally, not from books.
Your magical power is your life essence.
You have superior vitality. (+4 HP)


Message History

The hobgoblin is severely wounded.
The hobgoblin closely misses you. The adder bites you.
The hobgoblin completely misses you. The adder barely misses you.
The adder bites you.
* * * LOW HITPOINT WARNING * * *
Casting: Beastly Appendage (safe; 19% risk of failure)
Confirm with . or Enter, or press ? or * to list all spells.
You grow a pair of large bovine horns.
* * * LOW HITPOINT WARNING * * *
The hobgoblin closely misses you.
You hit the hobgoblin. You headbutt the hobgoblin.
You kill the hobgoblin!
You hit the adder. Your headbutt misses the adder.
The adder is moderately wounded.
The adder bites you.
* * * LOW HITPOINT WARNING * * *
You hit the adder.
The adder is heavily wounded.
Your transformation is almost over.
The adder bites you but does no damage. x2
Your leather armour prevents you from hitting the adder.
The adder is heavily wounded.
The adder bites you.
* * * LOW HITPOINT WARNING * * *
You hit the adder.
The adder is severely wounded.
The adder bites you but does no damage.
You barely miss the adder.
The adder is severely wounded.
The adder bites you but does no damage. The adder bites you.
* * * LOW HITPOINT WARNING * * *
You hit the adder. Your headbutt misses the adder.
The adder is severely wounded.
The adder bites you.
* * * LOW HITPOINT WARNING * * *
You barely miss the adder.
The adder is severely wounded.
The adder bites you.
You die...

..##..#......#
............#
....>##......#
#.#####.###.###### #
...............# .
.....###.####.#
...###..###)# #
............####.#####
#.#.......S@.......
#.)###.####.##### #..#
#.# # #..# #.# ....
... ..... ..#
#.#..##... #.#..##..#
......


You could see an adder.

Vanquished Creatures
  2 endoplasms (D:1)
  2 giant cockroaches (D:1)
  3 goblins (D:1)
  4 hobgoblins
  7 jackals (D:1)
  2 kobolds (D:2)
  A quokka (D:1)
  A ball python (D:1)
  A bat (D:2)
  A frilled lizard (D:2)
  2 rats (D:1)
26 creatures vanquished.

Notes
Turn   | Place    | Note
-------+----------+-------------------------------------------
     0 | D:1      | freelancePsychic the Djinni Artificer began the quest for
                  | the Orb.
     0 | D:1      | Reached XP level 1. HP: 17/17 MP: 0/0
    18 | D:1      | Found a faded altar of an unknown god.
    20 | D:1      | Noticed a shining eye
    20 | D:1      | Noticed a golden eye
    21 | D:1      | Noticed a golden eye
    21 | D:1      | Noticed a floating eye
    26 | D:1      | Became a worshipper of the Shining One
    26 | D:1      | Reached * piety under the Shining One
   446 | D:1      | Reached XP level 2. HP: 12/22 MP: 0/0
   686 | D:1      | Reached skill level 1 in Spellcasting
   962 | D:1      | Reached XP level 3. HP: 13/27 MP: 0/0
   962 | D:1      | Learned a level 1 spell: Beastly Appendage
  1661 | D:2      | HP: 1/28 [adder (1)]
  1662 | D:2      | Slain by an adder

Illustrated notes

Levels and vault maps discovered:
D:1:      erik_arrival_blinker_ship, layout_loops_ring,
          hellmonk_ecumenical_altar_watching_god, serial_bayou_pond_a
D:2:      layout_basic, serial_shops, shop

Skill      XL: |  1  2 |
---------------+-------+-----
Spellcasting   | 1 |  1.6
Fighting       | |  1.8
Armour         | |  1.0
Dodging        | |  2.1
Stealth        | |  0.7
Evocations     | |  3.0

Action                   || total
-------------------------++-------
Melee: Dagger            ||   120
       Club              ||     3
       Headbutt          ||     5
 Cast: Beastly Appendage ||     6
Evoke: Wand              ||     8
Armor: Leather armour    ||    38
Dodge: Dodged            ||    72
